 Dungeon Crawl Stone Soup version 0.30-a0-722-g3e6e8c874d (webtiles) character file.

Game seed: 8810325168776510520

64 Newt the Trooper (level 3, 0/29 HPs)
             Began as a Demonspawn Gladiator on Jan 27, 2023.
             Slain by an orc
             ... wielding a +0 morningstar
              (3 damage)
             ... on level 3 of the Dungeon.
             The game lasted 00:01:27 (1639 turns).

Newt the Trooper (Demonspawn Gladiator)             Turns: 1639, Time: 00:01:28

Health: 0/29       AC:  6    Str: 16    XL:     3   Next: 91%
Magic:  3/3        EV: 12    Int:  9    God:
Gold:   128        SH:  0    Dex: 14    Spells: 2/2 levels left

rFire   . . .      SeeInvis .    a - +0 rapier
rCold   + . .      Faith    .    (no shield)
rNeg    . . .      Spirit   .    b - +0 leather armour
rPois   .          Reflect  .    c - +0 helmet
rElec   .          Harm     .    k - +0 cloak
rCorr   .          Rampage  .    (no gloves)
Will    .....                    (no boots)
Stlth   ++                       (no amulet)
HPRegen 0.24/turn                f - ring of protection from cold
MPRegen 0.08/turn                (no ring)

@: no status effects
A: sharp scales 1
a: no special abilities


You were on level 3 of the Dungeon.
You visited 1 branch of the dungeon, and saw 3 of its levels.

You collected 128 gold pieces.

Inventory:

Hand Weapons
 a - a +0 rapier (weapon)
Missiles
 d - 4 throwing nets (quivered)
 e - a javelin
 r - 8 poisoned darts
Armour
 b - a +0 leather armour (worn)
 c - a +0 helmet (worn)
 k - a +0 cloak (worn)
Jewellery
 f - a ring of protection from cold (left hand)
Scrolls
 i - 2 scrolls of vulnerability
 p - a scroll of amnesia {unknown}
 q - a scroll of magic mapping
 s - 2 scrolls of teleportation {unknown}
Potions
 g - 2 potions of curing
 h - a potion of ambrosia
 j - 2 potions of degeneration {unknown}
 l - a potion of flight {unknown}
 m - 2 potions of brilliance
 n - a potion of might {unknown}
 o - a potion of cancellation {unknown}


   Skills:
 + Level 3.6 Fighting
 - Level 2.6 Short Blades
 - Level 1.7 Throwing
 - Level 2.6 Dodging
 - Level 2.0 Stealth


You had 2 spell levels left.
You didn't know any spells.
Your spell library contained the following spells:

 Spells                   Type           Power      Damage    Failure   Level
 Blink                    Tloc           0%         N/A       58%         2
 Lesser Beckoning         Tloc           0%         N/A       58%         2
 Momentum Strike          Conj/Tloc      0%         3d8       58%         2


Dungeon Overview and Level Annotations

Branches:
Dungeon (3/15)

Altars:


Innate Abilities, Weirdness & Mutations

You are partially covered in razor-sharp scales. (AC +1, Slay +1)


Message History

s - a scroll labelled BIEMEE YTZEG
m - 2 potions of brilliance (gained 1)
s - 2 scrolls labelled BIEMEE YTZEG (gained 1)
Found a stone staircase leading down.
A ball python comes into view.
You hit the ball python.
You kill the ball python!
No target in view!
No target in view!
No target in view!
No target in view!
No target in view!
An orc comes into view. It is wielding a +0 short sword.
An orc is nearby!
The orc shouts!
You hear a shout! x2
An orc comes into view. It is wielding a +0 morningstar.
An orc and a goblin come into view.
The orc moves out of view.
The orc hits you but does no damage.
The orc shouts!
You hit the orc.
The orc is lightly wounded.
The orc barely misses you. x2
You barely miss the orc.
The orc is lightly wounded.
The orc hits you with a +0 morningstar. The orc hits you with a +0 short sword.
You closely miss the orc.
The orc is lightly wounded.
The orc closely misses you. The goblin hits you with a +0 club.
The orc closely misses you.
You completely miss the orc.
The orc is lightly wounded.
The orc hits you with a +0 morningstar. The goblin closely misses you.
The orc closely misses you.
You are too injured to fight recklessly!
The orc attacks as you move away! The orc hits you with a +0 short sword.
The orc attacks as you move away! The orc hits you with a +0 morningstar!
* * * LOW HITPOINT WARNING * * *
The orc attacks as you move away! The orc hits you with a +0 morningstar.
You die...

#..######.#
#######.### ##.#
#.# ..........#
#..#####.#
..........#
##.##....##
...........
#.##.....#
..........#
#......#.#
###########
####...#.# #...#.##
#..@#..##
#.og##..##
#..o###..#
.......o.## ##.#
..........# #.#
..........# #.##
..........## #..###
#########....##...#
###..###.#


You could see 3 orcs and a goblin.

Vanquished Creatures
  An adder (D:2)
  A worm (D:2)
  3 dart slugs (D:2)
  4 ball pythons
  2 bats
  9 endoplasms
  4 giant cockroaches
  3 goblins
  4 hobgoblins
  5 kobolds
  A quokka (D:1)
  2 frilled lizards
39 creatures vanquished.

Notes
Turn   | Place    | Note
-------+----------+-------------------------------------------
     0 | D:1      | Newt the Demonspawn Gladiator began the quest for the Orb.
     0 | D:1      | Reached XP level 1. HP: 16/16 MP: 1/1
    90 | D:1      | Reached skill level 1 in Stealth
   211 | D:1      | Gained mutation: You are partially covered in razor-sharp
                  | scales. (AC +1, Slay +1) [demonic ancestry]
   211 | D:1      | Reached XP level 2. HP: 20/22 MP: 2/2
   929 | D:2      | Reached XP level 3. HP: 28/28 MP: 3/3
   945 | D:2      | Reached skill level 3 in Fighting
  1287 | D:2      | Found a faded altar of an unknown god.
  1639 | D:3      | Slain by an orc

Illustrated notes

Levels and vault maps discovered:
D:1:      lemuel_arrival_rhombus, layout_loops_ring
D:2:      layout_rooms, shapermc_ecumenical_altar_starsandcircs
D:3:      layout_basic

Skill      XL: |  1  2  3 |
---------------+----------+-----
Stealth        | 1 2 |  2.0
Fighting       | 3 |  3.6
Short Blades   | |  2.6
Throwing       | |  1.7
Dodging        | |  2.6

Action                     || total
---------------------------++-------
  Melee: Rapier            ||   130
         Punch             ||     3
    Use: Scroll            ||     4
         Potion            ||     2
   Stab: Sleeping          ||     3
         Distracted        ||     1
 Armour: Leather armour    ||    29
  Dodge: Dodged            ||    85

Table legend: (Time is in decaauts)
 A = Elapsed time spent in this place.
 B = Non-inter-level travel time spent in this place.
 C = Inter-level travel time spent in this place.
 D = Time resting spent in this place.
 E = Time spent auto-exploring this place.
 F = Levels seen in this place.
 G = Mean time per level.
                   A        B        C        D        E       F      G
               +--------+--------+--------+--------+--------+-----+--------+
         Total |   1649 |   1592 |     57 |      0 |   1271 |   3 |  549.7 |
       Dungeon |   1649 |   1592 |     57 |      0 |   1271 |   3 |  549.7 |
               +--------+--------+--------+--------+--------+-----+--------+

Top non-repeatable levels by time:
     D:1: 852 daAuts
     D:2: 510 daAuts
     D:3: 285 daAuts
